 Dungeon Crawl Stone Soup version 0.31-a0-121-g1e386dd289 (webtiles) character file.

Game seed: 9375000829267016701

21 seandewar5 the Vexing (level 2, 0/22 HPs)
             Began as a Demigod Hexslinger on June 1, 2023.
             Succumbed to an adder's poison
             ... on level 2 of the Dungeon.
             The game lasted 00:05:30 (1027 turns).

seandewar5 the Vexing (Demigod Hexslinger)          Turns: 1027, Time: 00:05:31

Health: 0/22       AC:  3    Str:  6 (9)  XL:     2   Next: 48%
Magic:  3/5        EV: 11    Int: 12 (15) God:
Gold:   34         SH:  0    Dex: 19 (22) Spells: 2/3 levels left

rFire   . . .        a - +1 sling
rCold   . . .        (no shield)
rNeg    . . .        e - +0 leather armour
rPois   .            (no helmet)
rElec   .            (no cloak)
rCorr   .            (no gloves)
SInv    .            (no boots)
Will    .....        (no amulet)
Stlth   +            j - +6 ring of dexterity
HPRegen 0.23/turn    (no ring)
MPRegen 0.09/turn

%: no passive effects
@: lethally poisoned (0 -> -2)
A: high MP 1, forlorn, divine attributes
a: no special abilities


You were on level 2 of the Dungeon.
You visited 1 branch of the dungeon, and saw 2 of its levels.

You collected 34 gold pieces.

Inventory:

Hand Weapons
 a - a +1 sling (weapon)
 b - a +5 whip
Armour
 c - a +0 robe
 e - a +0 leather armour (worn)
 h - a +0 chain mail
Jewellery
 j - a +6 ring of dexterity (left hand)
Scrolls
 g - a scroll of poison
 k - a scroll of enchant armour


   Skills:
 - Level 0.8 Fighting
 * Level 2.6 Ranged Weapons
 - Level 1.7 Dodging
 - Level 1.0 Spellcasting
 + Level 3.0 Hexes


You had 2 spell levels left.
You knew the following spells:

 Your Spells              Type           Power      Damage    Failure   Level
a - Slow                  Hex            28%        N/A       14%         1

Your spell library contained the following spells:

 Spells                   Type           Power      Damage    Failure   Level
 Inner Flame              Hex/Fire       4%         N/A       58%         3
 Portal Projectile        Hex/Tloc       8%         N/A       58%         3
 Cause Fear               Hex            3%         N/A       80%         4


Dungeon Overview and Level Annotations

Branches:
Dungeon (2/15)


Innate Abilities, Weirdness & Mutations

You have an increased reservoir of magic. (+10% MP)
You shall have no god before yourself.
Your divine heritage dramatically boosts your attributes as you level up.


Message History

As you read the scroll labelled WIACOH GENAS, it crumbles to dust.
It is a scroll of identify.
k - a scroll of enchant armour You feel sick.
The adder misses you.
Okay, then.
You feel sick.
You feel sick.
You feel sick.
You feel sick.
You feel sick.
You feel sick.
You are no longer poisoned.
The adder is no longer moving slowly.
The adder attacks as you move away! The adder misses you.
The adder barely misses you. The adder attacks as you move away!
The adder bites you.
* * * LOW HITPOINT WARNING * * *
The adder attacks as you move away! The adder bites you.
* * * LOW HITPOINT WARNING * * *
You are lethally poisoned!
The adder poisons you!
* * * LOW HITPOINT WARNING * * *
You feel sick.
You aren't carrying any items that you can evoke.
Unknown command.
You aren't carrying any potions.
Unknown command.
Okay, then.
Aiming: Slow (safe; 14% risk of failure)
Press: ? - help, Q - select action, (/) - cycle Shift-Dir - straight line, f/p - adder
Aim: an adder (chance to affect: 50%)
The adder resists with some effort.
* * * LOW HITPOINT WARNING * * *
You feel sick. The adder misses you. The adder bites you.
* * * LOW HITPOINT WARNING * * *
Aiming: Slow (safe; 14% risk of failure)
Press: ? - help, Q - select action, (/) - cycle Shift-Dir - straight line, f/p - adder
Aim: an adder (chance to affect: 50%)
The adder resists with some effort.
You die...

###### #....#
#.##.# #<##@#
#.##S# #.##.#
#.##.#
#.##.#.##+####
#.##.#.......#
#.##.#.......#
#.##.#.......#
#.#.......#


You could see an adder.

Vanquished Creatures
  A dart slug (D:1)
  A ball python (D:2)
  A bat (D:2)
  An endoplasm (D:1)
  A goblin (D:1)
  2 hobgoblins
  4 jackals (D:1)
  3 kobolds (D:1)
  2 rats (D:1)
16 creatures vanquished.

Notes
Turn   | Place    | Note
-------+----------+-------------------------------------------
     0 | D:1      | seandewar5 the Demigod Hexslinger began the quest for the
                  | Orb.
     0 | D:1      | Reached XP level 1. HP: 15/15 MP: 4/4
   539 | D:1      | Reached XP level 2. HP: 22/22 MP: 5/5
   625 | D:1      | Reached skill level 3 in Hexes
  1026 | D:2      | HP: 1/22 [adder (1)]
  1027 | D:2      | Succumbed to an adder's poison

Illustrated notes

Levels and vault maps discovered:
D:1:      minmay_arrival_doors, layout_basic
D:2:      minmay_spotlight, layout_basic, minmay_misc_feat_rows

Skill      XL: |  1  2 |
---------------+-------+-----
Ranged Weapons | 2 |  2.6
Hexes          | 3 |  3.0
Fighting       | |  0.8
Dodging        | |  1.7
Spellcasting   | |  1.0

Action                     || total
---------------------------++-------
  Melee: Whip              ||     1
   Fire: Sling             ||    54
   Cast: Slow              ||     8
    Use: Potion            ||     2
         Scroll            ||     1
 Armour: Leather armour    ||     8
  Dodge: Dodged            ||    21

Table legend: (Time is in decaauts)
 A = Elapsed time spent in this place.
 B = Non-inter-level travel time spent in this place.
 C = Inter-level travel time spent in this place.
 D = Time resting spent in this place.
 E = Time spent auto-exploring this place.
 F = Levels seen in this place.
 G = Mean time per level.
                   A        B        C        D        E       F      G
               +--------+--------+--------+--------+--------+-----+--------+
         Total |   1042 |    979 |     63 |     66 |    687 |   2 |  521.0 |
       Dungeon |   1042 |    979 |     63 |     66 |    687 |   2 |  521.0 |
               +--------+--------+--------+--------+--------+-----+--------+

Top non-repeatable levels by time:
     D:1: 927 daAuts
     D:2: 115 daAuts
